 Dungeon Crawl Stone Soup version 0.30.1-3-gfc49f6343a (webtiles) character file.

Game seed: 671367656641273306

20111 zimm66 the Brawler (level 12, 0/111 HPs)
             Began as a Troll Berserker on July 28, 2023.
             Was a High Priest of Trog.
             Slain by a shock serpent (14 damage)
             ... on level 2 of the Snake Pit.
             The game lasted 00:27:32 (9478 turns).

zimm66 the Brawler (Troll Berserker)                Turns: 9478, Time: 00:27:33

Health: 0/111      AC:  9    Str: 32    XL:     12   Next: 42%
Magic:  6/11       EV: 17    Int:  3    God:    Trog [*****.]
Gold:   525        SH:  0    Dex:  9    Spells: 11/11 levels left

rFire   + .          .
                       - Unarmed
rCold   + . .        (no shield)
rNeg    . . .        H - +2 robe {rC+ rF+}
rPois   .            (helmet restricted)
rElec   .            y - +2 cloak {rCorr}
rCorr   +            (gloves unavailable)
SInv    .            (boots unavailable)
Will    +....        b - amulet of regeneration
Stlth   ++           j - +5 ring of evasion
HPRegen 1.98/turn    F - ring of willpower
MPRegen 0.12/turn

%: no passive effects
@: about to teleport, marked
A: large, unfitting armour, claws 3, regeneration 1, shaggy fur 1, tough skin 1
a: Renounce Religion, Berserk, Trog's Hand, Brothers in Arms


You were on level 2 of the Snake Pit.
You worshipped Trog.
Trog was extremely pleased with you.
You visited 3 branches of the dungeon, and saw 12 of its levels.
You also visited: Ice Cave.

You collected 525 gold pieces.

Inventory:

Missiles
 J - a throwing net (quivered)
Armour
 y - a +2 cloak of preservation (worn)
 H - a +2 robe of resistance (worn)
 K - the +0 robe of Watchfulness {Rampage +Inv Fly Dex-4}
   (You found it in an ice cave)

   Dex:       It affects your dexterity (-4).
   +Inv:      It lets you turn invisible.
   Fly:       It grants you flight.
   Rampage:   It bestows one free step when moving towards enemies.
 N - +0 steam dragon scales
Jewellery
 b - an amulet of regeneration (around neck)
 j - a +5 ring of evasion (left claw)
 F - a ring of willpower (right claw)
 M - a ring of resist corrosion
Wands
 v - a wand of charming (13)
 x - a wand of polymorph (16)
 C - a wand of quicksilver (6)
 D - a wand of flame (12)
Scrolls
 a - 3 scrolls of immolation {unknown}
 c - 2 scrolls of enchant armour
 d - 3 scrolls of vulnerability
 e - 4 scrolls of poison {unknown}
 f - 4 scrolls of identify
 l - a scroll of enchant weapon {unknown}
 n - a scroll of amnesia {unknown}
 p - 5 scrolls of fog
 r - a scroll of teleportation
 s - 2 scrolls of magic mapping
 A - 2 scrolls of silence {unknown}
 B - 2 scrolls of acquirement {unknown}
 I - a scroll of fear {unknown}
Potions
 g - 2 potions of berserk rage {unknown}
 h - 2 potions of cancellation {unknown}
 i - 2 potions of curing
 k - a potion of brilliance {unknown}
 m - 4 potions of attraction
 o - a potion of invisibility {unknown}
 q - 3 potions of lignification {unknown}
 t - a potion of resistance {unknown}
 u - 3 potions of might
 w - 3 potions of flight
 z - a potion of ambrosia {unknown}
 E - 2 potions of degeneration {unknown}
 G - a potion of heal wounds {unknown}
 L - a potion of mutation {unknown}


   Skills:
 + Level 5.3 Fighting
 + Level 8.5 Dodging
 + Level 3.4 Stealth
 + Level 16.7 Unarmed Combat


You had 11 spell levels left.
You didn't know any spells.
Your spell library was empty.

Dungeon Overview and Level Annotations

Branches:
Dungeon (8/15)             Temple (0/1) D:4            Lair (2/5) D:8
  Snake (2/4) Lair:2        IceCv (visited)
  Swamp: Lair:2-3    Shoals: Lair:2-3

Altars:
Cheibriados
Makhleb
Sif Muna
Uskayaw

Annotations:
Lair:1 exclusion: oklob plant


Innate Abilities, Weirdness & Mutations

You are too large for most types of armour.
You have claws for hands.
Your natural rate of healing is unusually fast.
You are covered in fur. (AC +1)
You have tough skin. (AC +1)


Message History

The black mamba poisons you!
The salamander shoots an arrow.
The arrow barely misses you.
The arrow hits the shock serpent.
The arrow burns the shock serpent.
You feel very sick.
The salamander shoots an arrow.
The arrow hits you! The arrow burns you.
There is an escape hatch in the floor here.
You feel very sick. The black mamba bites you!
You are more poisoned.
The black mamba poisons you! The shock serpent bites you.
The shock serpent shocks you!
The salamander shoots an arrow.
The arrow hits you.
You slide downwards.
The hatch slams shut behind you.
You feel very sick.
Found a potion of might.
Found a stone staircase leading up.
As you read the scroll of teleportation, it crumbles to dust.
You feel strangely unstable.
You feel very sick. The shock serpent bites you! The shock serpent shocks you!
* * * LOW HITPOINT WARNING * * *
The black mamba misses you. The shock serpent misses you.
The naga mage shouts!
The black mamba hisses angrily.
You feel better. The black mamba barely misses you.
The shock serpent barely misses you.
The shock serpent attacks as you move away!
The shock serpent barely misses you.
The black mamba attacks as you move away!
The black mamba bites you!
* * * LOW HITPOINT WARNING * * *
The black mamba closely misses you.
The naga mage casts a spell.
The naga mage seems to speed up.
The black mamba bites you!
* * * LOW HITPOINT WARNING * * *
The black mamba barely misses you.
The shock serpent bites you but does no damage.
The shock serpent attacks as you move away!
The shock serpent bites you.
* * * LOW HITPOINT WARNING * * *
The shock serpent shocks you!
You die...

.#. .. ...
#. .. #.
.## #.##..
#.#..##
#N....#
#.S@..#..#
#..SS....#
###.####.#
....
.....#
##.....#
......#
##.!###
..#


You could see a shock serpent, 2 black mambas and a naga mage (fast).

Vanquished Creatures
  2 azure jellies (IceCv)
  2 quicksilver oozes (IceCv)
  A mana viper (Snake:1)
  Pikel (D:6)
  5 black mambas
  A torpor snail (Lair:1)
  5 cane toads
  A komodo dragon (Lair:2)
  A polar bear (Lair:1)
  Prince Ribbit (D:6)
  7 blink frogs
  8 slime creatures (IceCv)
  9 yaks
  2 wyverns (Lair:1)
  4 steam dragons
  6 basilisks
  Eustachio (D:6)
  A swamp drake (D:8)
  21 water moccasins
  2 great orb of eyes simulacra (IceCv)
  An orc warrior (D:7)
  3 black bears
  An ogre (D:3)
  A sky beast (D:7)
  A centaur (D:8)
  A lemure (D:6)
  4 slime creature simulacra (IceCv)
  7 bullfrogs
  2 scorpions
  11 wights
  3 glowing shapeshifter simulacra (IceCv)
  5 killer bees (D:8)
  4 howler monkeys
  2 hounds (D:5)
  Crazy Yiuf (D:4)
  8 orc priests
  A gnoll bouda (D:7)
  3 iguanas
  3 sleepcaps
  Terence (D:2)
  7 orc wizards
  5 shapeshifter simulacra (IceCv)
  9 gnolls
  3 adders
  A shadow imp (D:7)
  An ufetubus (D:5)
  A worm (D:3)
  3 dart slugs
  33 orcs
  5 endoplasms
  9 giant cockroaches
  5 goblins
  A hobgoblin (D:2)
  4 jackals
  2 quokkas
  3 ball pythons
  7 bats
  5 frilled lizards
  6 kobolds
  4 rats (D:1)
258 creatures vanquished.

Notes
Turn   | Place    | Note
-------+----------+-------------------------------------------
     0 | D:1      | zimm66 the Troll Berserker began the quest for the Orb.
     0 | D:1      | Reached XP level 1. HP: 22/22 MP: 0/0
    86 | D:1      | Found a faded altar of an unknown god.
   162 | D:1      | Reached XP level 2. HP: 29/29 MP: 1/1
   761 | D:2      | Reached ** piety under Trog
   810 | D:2      | Reached XP level 3. HP: 36/36 MP: 2/2
  1013 | D:2      | Noticed Terence
  1024 | D:2      | Killed Terence
  1025 | D:2      | Reached XP level 4. HP: 32/44 MP: 3/3
  1100 | D:2      | Reached skill level 4 in Unarmed Combat
  1772 | D:3      | Noticed an ogre
  1775 | D:3      | Killed an ogre
  1776 | D:3      | Reached XP level 5. HP: 53/53 MP: 4/4
  2186 | D:3      | You fall into a shaft and drop 1 floor!
  2193 | D:4      | Found a staircase to the Ecumenical Temple.
  2331 | D:4      | Reached skill level 5 in Unarmed Combat
  2331 | D:4      | Reached XP level 6. HP: 48/61 MP: 5/5
  2710 | D:4      | Found a runed translucent door.
  2711 | D:4      | Noticed Crazy Yiuf
  2716 | D:4      | Killed Crazy Yiuf
  2716 | D:4      | Reached *** piety under Trog
  2890 | D:4      | Found a burning altar of Makhleb.
  2893 | D:4      | Noticed a cacodemon
  2986 | D:5      | Entered Level 5 of the Dungeon
  3001 | D:5      | Reached skill level 6 in Unarmed Combat
  3020 | D:5      | Reached XP level 7. HP: 66/67 MP: 6/6
  3360 | D:5      | Reached skill level 1 in Stealth
  3363 | D:5      | Reached skill level 7 in Unarmed Combat
  4103 | D:6      | Reached XP level 8. HP: 66/75 MP: 7/7
  4114 | D:6      | Found a hide-covered altar of Uskayaw.
  4114 | D:6      | Noticed a +0 dagger
  4114 | D:6      | Noticed a +0 spear
  4115 | D:6      | Noticed a +0 falchion
  4115 | D:6      | Noticed a +0 short sword
  4116 | D:6      | Noticed a +0 dagger
  4117 | D:6      | Noticed a +0 spear
  4118 | D:6      | Noticed a +0 falchion
  4118 | D:6      | Noticed a +0 short sword
  4172 | D:6      | Identified the +3 trident "Vuuklyl" {freeze, Dex+5}
  4308 | D:6      | Noticed Eustachio
  4318 | D:6      | Killed Eustachio
  4319 | D:6      | Reached skill level 8 in Unarmed Combat
  4365 | D:6      | Noticed Pikel
  4379 | D:6      | Killed Pikel
  4380 | D:6      | Reached skill level 5 in Dodging
  4380 | D:6      | Reached skill level 9 in Unarmed Combat
  4473 | D:6      | Found a snail-covered altar of Cheibriados.
  4474 | D:6      | Reached **** piety under Trog
  4745 | D:6      | Noticed Prince Ribbit
  4754 | D:6      | Killed Prince Ribbit
  4755 | D:6      | Reached XP level 9. HP: 55/84 MP: 8/8
  5152 | D:7      | Reached skill level 10 in Unarmed Combat
  5965 | D:7      | Reached skill level 11 in Unarmed Combat
  6333 | D:8      | Reached XP level 10. HP: 94/94 MP: 9/9
  6412 | D:8      | Identified the +3 spear of the Dancing Bear {flame, rElec}
  6438 | D:8      | Reached skill level 12 in Unarmed Combat
  6513 | D:8      | Found a staircase to the Lair.
  7109 | Lair:1   | Entered Level 1 of the Lair of Beasts
  7150 | Lair:1   | Reached ***** piety under Trog
  7172 | Lair:1   | Reached skill level 13 in Unarmed Combat
  7206 | Lair:1   | Noticed a torpor snail
  7214 | Lair:1   | Killed a torpor snail
  7318 | Lair:1   | Found a frozen archway.
  7324 | IceCv    | Entered an ice cave
  7363 | IceCv    | Reached XP level 11. HP: 47/101 MP: 10/10
  7475 | IceCv    | Noticed a quicksilver ooze
  7483 | IceCv    | Killed a quicksilver ooze
  7484 | IceCv    | Reached skill level 14 in Unarmed Combat
  7504 | IceCv    | Noticed a quicksilver ooze
  7518 | IceCv    | HP: 4/151 [quicksilver ooze (10)]
  7519 | IceCv    | Killed a quicksilver ooze
  7594 | IceCv    | Noticed an azure jelly
  7596 | IceCv    | Found a viscous altar of Jiyva.
  7596 | IceCv    | Noticed an azure jelly
  7611 | IceCv    | Killed an azure jelly
  7612 | IceCv    | Reached skill level 15 in Unarmed Combat
  7615 | IceCv    | Killed an azure jelly
  7660 | IceCv    | Identified the +0 robe of Watchfulness {Rampage +Inv Fly
                  | Dex-4}
  7838 | Lair:1   | Noticed an oklob plant
  8156 | Lair:1   | Reached skill level 5 in Fighting
  8416 | Lair:2   | Reached XP level 12. HP: 36/111 MP: 11/11
  8574 | Lair:2   | Reached skill level 16 in Unarmed Combat
  8664 | Lair:2   | HP: 5/111 [blink frog (13)]
  8742 | Lair:2   | HP: 3/111 [black mamba (9)]
  8819 | Lair:2   | Found a staircase to the Snake Pit.
  8953 | Lair:2   | Found a shimmering blue altar of Sif Muna.
  9433 | Snake:1  | Entered Level 1 of the Snake Pit
  9467 | Snake:1  | Noticed an anaconda
  9478 | Snake:2  | Slain by a shock serpent

Illustrated notes

Levels and vault maps discovered:
D:1:      zaba_arrival_water, layout_loops_ring,
          hellmonk_ecumenical_altar_pennies_from_heaven, reono_crystal_passage
D:2:      minmay_inner_zag, layout_loops_ring, uniq_terence
D:3:      layout_basic, patterned_corridor
D:4:      layout_loops_ring, makhleb_altar_promises_db,
          minmay_temple_entry_junction, uniq_crazy_yiuf_cottage
D:5:      minmay_diamond_boxcup, layout_basic
D:6:      cheibrodos_steamvent, layout_loops_corners, kennysheep_slug_shrine,
          nicolae_uskayaw_en_pointe, uniq_eustachio, uniq_pikel,
          uniq_prince_ribbit1
D:7:      nicolae_cairo_tiling, layout_cave_pods, fountainhead
D:8:      layout_basic, erik_lair_dragon
Lair:1:   layout_chaotic_city, portal_ice_cave_entry_pillars_2, st_stairs_4
Lair:2:   layout_layer_cave, minmay_snake_entry_six_corridors, basic_altar,
          st_stairs_7
Snake:1:  layout_onion_interference
Snake:2:  layout_honeycomb

Skill      XL: |  1  2  3  4  5  6  7  8  9 10 11 12 |
---------------+-------------------------------------+-----
Dodging        | 3 4 5 6 7 8 |  8.5
Unarmed Combat | 4 5 6 7 9 11 13 15 16 | 16.7
Fighting       | 3 4 5 |  5.3
Stealth        | 1 2 3 |  3.4

Action                     |  1- 3 |  4- 6 |  7- 9 | 10-12 || total
---------------------------+-------+-------+-------+-------++-------
  Melee: Unarmed           |   110 |   130 |   199 |   365 ||   804
         Punch             |     1 |       |    14 |    29 ||    44
 Invoke: Berserk           |       |     2 |     1 |     2 ||     5
         Trog's Hand       |       |       |       |     3 ||     3
    Use: Scroll            |       |       |     7 |     7 ||    14
         Potion            |       |       |       |     7 ||     7
   Stab: Sleeping          |       |     1 |     1 |       ||     2
 Armour: Animal skin       |    49 |    11 |       |       ||    60
         Robe              |       |    19 |    25 |    63 ||   107
  Dodge: Dodged            |    53 |    68 |   153 |   267 ||   541
